 Dungeon Crawl Stone Soup version 0.25-a0-97-g19cdb01 (webtiles) character file.

Game seed: 784036297664189942, levelgen mode: deterministic

133 sighowe the Digger (level 4, 0/18 HPs)
             Began as a Felid Earth Elementalist on Nov 13, 2019.
             Was an Initiate of Gozag.
             Killed from afar by an orc wizard (11 damage)
             ... with a magic dart
             ... on level 3 of the Dungeon.
             The game lasted 00:14:08 (3055 turns).

sighowe the Digger (Felid Earth Elementalist)       Turns: 3055, Time: 00:14:09

Health: 0/18       AC:  1    Str:  4    XL:     4   Next: 93%
Magic:  2/10       EV: 18    Int: 17    God:    Gozag
Gold:   239        SH:  0    Dex: 17    Spells: 4/10 levels left
                                        Lives:  0   Deaths: 1

rFire    + . .     SeeInvis +     - Unarmed
rCold    x . .     Gourm    .   (shield unavailable)
rNeg     . . .     Faith    .   (armour unavailable)
rPois    .         Spirit   .   (helmet unavailable)
rElec    .         Reflect  .   (cloak unavailable)
rCorr    .         Harm     .   (gloves unavailable)
MR       +....                  (boots unavailable)
Stlth    +++.......             (no amulet)
HPRegen  0.06/turn              h - ring of protection from magic
MPRegen  0.12/turn              j - ring of fire

@: quick
A: very small, no armour, no weapons or thrown items, stealth, claws 1, fangs 3,
see invisible, carnivore, speed 1, shaggy fur 1, slow metabolism 1, sharp paws
a: Potion Petition, Call Merchant, Bribe Branch, Renounce Religion


You were on level 3 of the Dungeon.
You worshipped Gozag.
Gozag was aware of your devotion.
You were not hungry.

You visited 1 branch of the dungeon, and saw 3 of its levels.

You collected 260 gold pieces.
You paid 21 gold pieces to Gozag.

Inventory:

Jewellery
 h - a ring of protection from magic (left paw)
 j - a ring of fire (right paw)
Scrolls
 a - a scroll of remove curse
 g - a scroll of teleportation
Potions
 f - a potion of brilliance
Comestibles
 c - 3 rations


   Skills:
 + Level 3.3 Dodging
 + Level 3.8 Stealth
 + Level 1.0 Unarmed Combat
 + Level 3.7 Spellcasting
 + Level 0.4 Conjurations
 + Level 1.1 Transmutations
 + Level 4.3 Earth Magic


You had 4 spell levels left.
You knew the following spells:

 Your Spells              Type           Power        Failure   Level  Hunger
a - Stone Arrow           Conj/Erth      ##....       19%         3    ###....
b - Passwall              Tmut/Erth      ##......     8%          2    ##.....
c - Sandblast             Erth           ###...       2%          1    None

Your spell library contained the following spells:

 Spells                   Type           Power        Failure   Level  Hunger
 Petrify                  Tmut/Erth      ##......     45%         4    ####...
 Lee's Rapid Deconstruct  Erth           ###.......   58%         5    ######.


Dungeon Overview and Level Annotations

Branches:
Dungeon (3/15)

Altars:
Ashenzari
Gozag
The Shining One


Innate Abilities, Weirdness & Mutations

You cannot wear armour.
You are incapable of wielding weapons or throwing items.
Your paws allow you to move quietly. (Stealth)
You have sharp claws.
You have razor-sharp teeth.
You have supernaturally acute eyesight. (SInv)
You are carnivorous and can eat meat at any time.
You cover ground quickly.
You are covered in fur. (AC +1)
You have a slow metabolism.
Your sharp claws are effective at attacking unaware monsters.


Message History

You scratch the orc wizard.
The orc wizard is lightly wounded.
The orc wizard hits you but does no damage.
You scratch the orc wizard.
The orc wizard is moderately wounded.
The orc wizard hits you with a cursed -1 dagger.
You scratch the orc wizard.
The orc wizard is moderately wounded.
The orc wizard closely misses you.
You closely miss the orc wizard.
You bite the orc wizard, but do no damage.
The orc wizard is moderately wounded.
Unknown command.
The orc wizard casts a spell.
The orc wizard flickers and vanishes for a moment.
The orc wizard points at you and mumbles some strange words.
The magic dart hits you!
Ouch! That really hurt!
You die...
Your body crumbles into a pile of gold.

#.# # ##.##.#
#.#
##...#.######.#
#.# ##
#.............#
#.# ..
##...#.########
..#.##>.##.#
#..........#
##......####
######.# #@#
#.# #.# #.# #o#
#o# #.....o#
#.#.....
#......


You could see 2 orc wizards and an orc.

Vanquished Creatures
  A bullfrog (D:3)
  Crazy Yiuf (D:2)
  Jessica (D:3)
  Terence (D:3)
  5 adders
  2 gnolls (D:3)
  A worm (D:3)
  A dart slug (D:1)
  4 orcs (D:3)
  2 ball pythons (D:2)
  5 bats
  A giant cockroach (D:1)
  5 hobgoblins
  A quokka (D:3)
  2 frilled lizards
  5 goblins
  6 kobolds
  5 rats
49 creatures vanquished.

Notes
Turn   | Place    | Note
-------+----------+-------------------------------------------
     0 | D:1      | sighowe the Felid Earth Elementalist began the quest for
                  | the Orb.
     0 | D:1      | Reached XP level 1. HP: 7/7 MP: 4/4
   210 | D:1      | Reached XP level 2. HP: 11/11 MP: 4/6
   253 | D:1      | Reached skill level 3 in Earth Magic
  1014 | D:2      | Reached XP level 3. HP: 14/14 MP: 5/7
  1032 | D:2      | Learned a level 2 spell: Passwall
  1036 | D:2      | Learned a level 3 spell: Stone Arrow
  1237 | D:2      | Found an opulent altar of Gozag.
  1237 | D:2      | Found a shattered altar of Ashenzari.
  1237 | D:2      | Found a glowing golden altar of the Shining One.
  1252 | D:2      | Became a worshipper of Gozag Ym Sagoz the Greedy
  1288 | D:2      | Found a runed translucent door.
  1290 | D:2      | Noticed Crazy Yiuf
  1420 | D:2      | Killed Crazy Yiuf
  1420 | D:2      | Reached XP level 4. HP: 18/18 MP: 0/9
  1559 | D:3      | Noticed Terence
  1595 | D:3      | Killed Terence
  2110 | D:3      | Noticed a bullfrog
  2119 | D:3      | Killed a bullfrog
  2119 | D:3      | Reached skill level 4 in Earth Magic
  2119 | D:3      | Reached XP level 5. HP: 17/21 MP: 0/11
  2447 | D:3      | Noticed Jessica
  2453 | D:3      | Killed Jessica
  2716 | D:3      | Reached skill level 1 in Unarmed Combat
  2884 | D:3      | Slain by a gnoll
  2885 | D:3      | Reached XP level 4. HP: 0/18 MP: 2/10
  3055 | D:3      | Killed from afar by an orc wizard

Levels and vault maps discovered:
D:1:      dpeg_arrival_houses_and_road, layout_basic
D:2:      layout_rooms, gammafunk_temple_overflow_claw, first_ration,
          uniq_crazy_yiuf_cottage
D:3:      layout_loops_corners, palyth_stone_intersect, minmay_close_crescents,
          uniq_terence, uniq_jessica

Skill      XL: |  1  2  3  4  5 |
---------------+----------------+-----
Earth Magic    | 3 4 |  4.3
Spellcasting   | 3 |  3.7
Stealth        | 3 |  3.8
Dodging        | 3 |  3.3
Unarmed Combat | 1 |  1.0
Conjurations   | |  0.4
Transmutations | |  1.1

Action                   |  1- 3 |  4- 6 || total
-------------------------+-------+-------++-------
Melee: Unarmed           |    18 |    76 ||    94
       Bite              |     1 |     7 ||     8
 Cast: Sandblast         |    33 |    14 ||    47
       Stone Arrow       |     2 |    31 ||    33
  Use: Scroll            |     6 |       ||     6
       Potion            |     3 |     3 ||     6
  Eat: Ration            |       |     3 ||     3
Armor: Skin              |     1 |     1 ||     2
Dodge: Dodged            |    32 |    80 ||   112

Table legend:
 A = Non-vault XP
 B = Vault XP
 C = Vault XP percentage of total XP
 D = Non-vault monster count
 E = Vault monster count
 F = Vault count percentage of total count
                 A         B        C        D         E       F
            +---------+---------+-------+---------+---------+-------
      Total |     239 |     130 |  35.2 |      41 |       8 |  16.3
            +---------+---------+-------+---------+---------+-------
        D:1 |      19 |       0 |   0.0 |      10 |       0 |   0.0
        D:2 |      60 |      39 |  39.4 |      16 |       1 |   5.9
        D:3 |     160 |      91 |  36.3 |      15 |       7 |  31.8
            +---------+---------+-------+---------+---------+-------
